 Dungeon Crawl Stone Soup version 0.29-a0-222-g5b244fca1f (webtiles) character file.

Game seed: 15654647776575079132

9 drugrobin the Sneak (level 2, -4/19 HPs)
             Began as a Kobold Delver on Feb 28, 2022.
             Slain by an ogre
             ... wielding a +0 giant spiked club
              (23 damage)
             ... on level 4 of the Dungeon.
             The game lasted 00:02:10 (213 turns).

drugrobin the Sneak (Kobold Delver)                  Turns: 213, Time: 00:02:11

Health: -4/19      AC:  3    Str: 11    XL:     2   Next: 25%
Magic:  2/2        EV: 15    Int: 15    God:
Gold:   9          SH:  0    Dex: 16    Spells: 1/1 levels left

rFire   . . .      SeeInvis .   a - +0 short sword
rCold   . . .      Faith    .   (no shield)
rNeg    . . .      Spirit   .   h - +1 robe of Boredom {Fly Str+2 Int+4}
rPois   .          Reflect  .   (no helmet)
rElec   .          Harm     .   (no cloak)
rCorr   .          Rampage  .   (no gloves)
Will    .....                   (no boots)
Stlth   +++++.....              (no amulet)
HPRegen 0.06/turn               (no ring)
MPRegen 0.08/turn               (no ring)

@: flying
A: small, no large weapons, nightstalker 3
a: no special abilities


You were on level 4 of the Dungeon.
You visited 1 branch of the dungeon, and saw 2 of its levels.

You collected 9 gold pieces.

Inventory:

Hand Weapons
 a - a +0 short sword (weapon)
Armour
 h - the +1 robe of Boredom (worn) {Fly Str+2 Int+4}
   (You found it on level 5 of the Dungeon)

   Str:       It affects your strength (+2).
   Int:       It affects your intelligence (+4).
   Fly:       It grants you flight.
Wands
 g - a wand of digging (1)
Scrolls
 c - a scroll of fog
 e - a scroll of fear
 i - a scroll of blinking {unknown}
Potions
 b - a potion of flight {unknown}
 f - a potion of haste


   Skills:
 - Level 3.2 Fighting
 + Level 3.3 Short Blades
 - Level 2.4 Dodging
 + Level 6.9 Stealth


You had one spell level left.
You didn't know any spells.
Your spell library contained the following spells:

 Spells                   Type           Power      Damage    Failure   Level
 Magic Dart               Conj           0%         1d3       26%         1
 Searing Ray              Conj           0%         2d4       38%         2
 Dazzling Flash           Conj/Hex       0%         N/A       63%         3
 Fulminant Prism          Conj/Hex       0%         3d6       95%         4
 Agony                    Necr           0%         N/A       100%        5
 Silence                  Hex/Air        0%         N/A       100%        5


Dungeon Overview and Level Annotations

Branches:
Dungeon (5/15)
 Temple: D:4-7

Altars:


Innate Abilities, Weirdness & Mutations

You are small and have problems with some larger weapons.
You are completely attuned to the shadows.


Message History

There is a stone staircase leading up here.
You fly upwards.
You hear the hiss of flowing sand.
There is an entrance to an ossuary on this level.
Hurry and find it before the portal is buried!
There is a stone staircase leading down here.
Unknown command.
Unknown command.
As you read the scroll of magic mapping, it crumbles to dust.
You feel aware of your surroundings.
You sensed 1 shop/portal.
A ball python comes into view.
The helpless ball python fails to defend itself.
You impale the ball python!!
You kill the ball python!
A giant cockroach comes into view.
You hit the giant cockroach.
The giant cockroach is heavily wounded.
The giant cockroach completely misses you.
You hit the giant cockroach but do no damage.
The giant cockroach is heavily wounded.
The giant cockroach closely misses you.
You hit the giant cockroach.
You kill the giant cockroach!
You see here a giant cockroach corpse.
You hear the slow hiss of a distant avalanche of sand.
Found a leather armour and a mace.
An ogre comes into view. It is wielding a +0 giant spiked club.
Found 9 gold pieces.
The ogre shouts!
Okay, then.
Aiming: Dig
Press: ? - help, Shift-Dir - straight line A rock wall.
The rock shatters into small pieces.
Aiming: Dig
Press: ? - help, Shift-Dir - straight line The rock shatters into small pieces.
You hear the slow hiss of a distant avalanche of sand.
The ogre hits you with a +0 giant spiked club!!
Ouch! That really hurt!
You die...

***,,,*
*,,,**<***,,,,,,, *,,,*
*,,,****,,,,,,,,,
**,,,****
*#.$.*,,,,,**,,,,,
**,,,,,,,****
*....,,,*****,,,,,
*,,*****,,,.###*...),***
**,,,, ,,**
***,....#..[#** ***,,
,** ***#....#** *** **
###.## * #.@# **********
#.O# *,,,,,,,,** #..#
*,,,,,,,,,, **** ##.###
*,,,,,,,,,, ,,,* ##.#.#
*,,,,,,,,,, ,,,*
###....# *,,,,,,,,,,
,,,* ##......#
*,,,,,,,,,, ,,,*
**#......## *,,,,,,,,,,
.,,* *,.####.†#
*,,,,,,,,,,


You could see an ogre.

Vanquished Creatures
  A white imp (D:5)
  A giant cockroach (D:4)
  A ball python (D:4)
3 creatures vanquished.

Notes
Turn   | Place    | Note
-------+----------+-------------------------------------------
     0 | D:5      | drugrobin the Kobold Delver began the quest for the Orb.
     0 | D:5      | Reached XP level 1. HP: 14/14 MP: 1/1
     6 | D:5      | Identified the +1 robe of Boredom {Fly Str+2 Int+4}
    31 | D:5      | Noticed an iguana
    75 | D:5      | Noticed a necrophage
    85 | D:5      | Reached XP level 2. HP: 19/19 MP: 2/2
   168 | D:4      | Noticed an ogre
   213 | D:4      | Slain by an ogre

Illustrated notes

Levels and vault maps discovered:
D:4:      layout_cave_pods, enter_ossuary_1, uniq_natasha
D:5:      layout_rooms, uniq_pikel, uniq_crazy_yiuf_cottage

Skill      XL: |  1 |
---------------+----+-----
Short Blades   | 3 |  3.3
Fighting       | |  3.2
Dodging        | |  2.4
Stealth        | |  6.9

Action                   || total
-------------------------++-------
Melee: Short sword       ||     5
Evoke: Wand              ||     2
  Use: Scroll            ||     1
 Stab: Sleeping          ||     2
Dodge: Dodged            ||     2

Table legend: (Time is in decaauts)
 A = Elapsed time spent in this place.
 B = Non-inter-level travel time spent in this place.
 C = Inter-level travel time spent in this place.
 D = Time resting spent in this place.
 E = Time spent auto-exploring this place.
 F = Levels seen in this place.
 G = Mean time per level.
                   A        B        C        D        E       F      G
               +--------+--------+--------+--------+--------+-----+--------+
         Total |    212 |    212 |      0 |      0 |      0 |   2 |  106.0 |
       Dungeon |    212 |    212 |      0 |      0 |      0 |   2 |  106.0 |
               +--------+--------+--------+--------+--------+-----+--------+

Top non-repeatable levels by time:
     D:5: 111 daAuts
     D:4: 100 daAuts
